 Dungeon Crawl Stone Soup version 0.22-a0-147-gfdd7f25 (webtiles) character file.

4 mhoghedin the Magician (level 1, 5/16 HPs)
             Began as a Naga Wizard on Feb 6, 2018.
             Quit the game on level 1 of the Dungeon.
             The game lasted 00:01:18 (191 turns).

mhoghedin the Magician (Naga Wizard)                 Turns: 191, Time: 00:01:19

Health: 5/16       AC:  1    Str:  9    XL:     1   Next: 60%
Magic:  2/4        EV: 10    Int: 18    God:
Gold:   0          SH:  0    Dex:  9    Spells: 5/6 levels left

rFire    . . .     SeeInvis +   e - +0 club
rCold    . . .     Gourm    .   (no shield)
rNeg     . . .     Faith    .   a - +0 robe
rPois    +         Spirit   .   b - +0 hat
rElec    .         Reflect  .   (no cloak)
rCorr    .         Harm     .   (no gloves)
MR       .....                  (no barding)
Stlth    ++........             (no amulet)
HPRegen  0.05/turn              (no ring)
MPRegen  0.09/turn              (no ring)

@: very slow
A: large, see invisible, deformed body, poison resistance, slowness 2, slow
metabolism 1, spit poison 1, AC +0
a: Spit Poison


You were on level 1 of the Dungeon.
You were not hungry.

You visited 1 branch of the dungeon, and saw 1 of its levels.

Inventory:

Hand Weapons
 e - a +0 club (weapon)
   (You took it off a goblin on level 1 of the Dungeon)
Armour
 a - a +0 robe (worn)
 b - a +0 hat (worn)
Books
 c - a book of Minor Magic
Comestibles
 d - a ration
 f - a chunk of flesh {@w0}


   Skills:
 + Level 0.6 Fighting
 - Level 1.5 Dodging
 - Level 3.0 Stealth
 + Level 3.1 Spellcasting
 - Level 1.0 Conjurations
   Level 1.0 Summonings
   Level 1.0 Translocations


You had 5 spell levels left.
You knew the following spells:

 Your Spells              Type           Power        Failure   Level  Hunger
a - Magic Dart            Conj           #...         11%         1    None


Dungeon Overview and Level Annotations

Branches:
Dungeon (1/15)

Altars:


Innate Abilities, Weirdness & Mutations

You cannot wear boots.
Your serpentine skin is tough. (AC +0)
You have supernaturally acute eyesight. (SInv)
Armour fits poorly on your strangely shaped body.
Your system is resistant to poisons. (rPois)
You cover ground very slowly.
You have a slow metabolism.
You can spit poison.


Message History

You take 2 damage, and have 13/15 hp.
The kobold moves out of view.
Aim: a kobold The splash of poison hits the kobold.
The kobold is poisoned.
You feel slightly more hungry.
The kobold throws a stone.
The stone hits you.
You take 2 damage, and have 11/15 hp.
The kobold barely misses you.
You barely miss the kobold. The kobold closely misses you.
You barely miss the kobold.
You have got your breath back.
You kill the kobold!
You see here a kobold corpse.
You butcher the kobold corpse.
You see here an inedible chunk of flesh {@w0}.
You start resting.
Health restored: 15
Found a stone staircase leading down.
You see here a pair of boots.
There is a stone staircase leading down here.
Found a stone staircase leading down.
There is a stone staircase leading down here.
A goblin comes into view. It is wielding a club.
The goblin shouts!
You barely miss the goblin.
Aim: a goblin, wielding a club The magic dart hits the goblin.
You kill the goblin!
You now have 3/4 mp.
You can't see any susceptible monsters within range! (Use Z to cast anyway.) Unknown command.
A bat comes into view.
Things that are here:
a club; a goblin corpse Wield which item (- for none, * to show all)? (? for menu, Esc to quit)
Okay, then.
Unknown command.
e - a club
Aim: a bat The magic dart hits the bat.
You kill the bat!
Health restored: 16 You now have 2/4 mp.
You can't see any susceptible monsters within range! (Use Z to cast anyway.) Unknown command.
You see here a bat corpse.
You butcher the bat corpse.
f - a chunk of flesh {@w0} You see here a bat skeleton.
You see here a goblin corpse.
You start resting.
MP restored: 4 A kobold comes into view.
The kobold moves out of view.
Aim: a kobold The magic dart hits the kobold.
The kobold hits you.
You take 3 damage, and have 13/16 hp.
You now have 3/4 mp.
Aim: a kobold The magic dart hits the kobold.
The kobold barely misses you.
You now have 2/4 mp.
Aim: a kobold The magic dart hits the kobold.
The kobold barely misses you.
You now have 1/4 mp.
Aim: a kobold (severely wounded)
The magic dart hits the kobold.
The kobold hits you.
You take 4 damage, and have 9/16 hp.
MASSIVE DAMAGE!!
You now have 0/4 mp.
Aim: a kobold (severely wounded)
The splash of poison misses the kobold.
You feel slightly more hungry. The kobold barely misses you.
Really attack barehanded? [Y]es or [N]o only, please.
Really attack barehanded? [Y]es or [N]o only, please.
Really attack barehanded?
Okay, then.
Unknown command.
Unknown command.
You don't have enough magic to cast that spell.
Wield which item (- for none, * to show all)? (? for menu, Esc to quit)
e - a +0 club (weapon)
You barely miss the kobold. The kobold hits you but does no damage.
The kobold barely misses you.
You closely miss the kobold.
You have got your breath back.
The kobold hits you.
You take 3 damage, and have 6/16 hp.
You hit the kobold.
You kill the kobold!
A ball python comes into view.
The ball python hisses angrily.
You see here a dagger.
You closely miss the ball python. The ball python closely misses you.
You hit the ball python but do no damage.
The ball python barely misses you. The ball python bites you.
You take 2 damage, and have 5/16 hp.
You closely miss the ball python. The ball python barely misses you.
The ball python completely misses you.
Welcome back, mhoghedin the Naga Wizard.
Okay, then.

######### #.
#.......# #.
#.......#
.####.......#
..##........#
#.##...S....#
#.##...@....#
####.##........#
#..........#####
### #.##.##.##.#
...#.##.##.##.#
#.#.##....##.#
#.............
#######.##.##..#..
..................#


You could see a ball python.

Vanquished Creatures
  A bat (D:1)
  A goblin (D:1)
  2 kobolds (D:1)
4 creatures vanquished.

Notes
Turn   | Place    | Note
-------+----------+-------------------------------------------
     0 | D:1      | mhoghedin the Naga Wizard began the quest for the Orb.
     0 | D:1      | Reached XP level 1. HP: 15/15 MP: 4/4
   191 | D:1      | Quit the game

Vault maps used:
D:1:      erik_arrival_triangle_medium

Action                   || total
-------------------------++-------
Melee: Club              ||     6
       Unarmed           ||     3
 Cast: Magic Dart        ||     6
 Abil: Spit Poison       ||     2
Armor: Robe              ||     1
Dodge: Dodged            ||    10

Table legend:
 A = Spawn XP
 B = Non-spawn XP
 C = Spawn XP percentage of total XP
 D = Spawn monster count
 E = Non-spawn monster count
 F = Spawn count percentage of total count
 G = Total turns spent on level
                    A         B        C        D         E        F      G
               +---------+---------+-------+---------+---------+-------+---------
         Total |       0 |       6 |   0.0 |       0 |       4 |   0.0 |   191
               +---------+---------+-------+---------+---------+-------+---------
           D:1 |       0 |       6 |   0.0 |       0 |       4 |   0.0 |   191
               +---------+---------+-------+---------+---------+-------+---------

Vault maps used:
D:1:      erik_arrival_triangle_medium

Table legend:
 A = Turns spent in this place as a percentage of turns spent in the entire game.
 B = Non-inter-level travel turns spent in this place as a percentage of non-inter-level travel turns spent in the entire game.
 C = Inter-level travel turns spent in this place as a percentage of turns spent in this place.
 D = Turns resting spent in this place as a percentage of non-inter-level travel turns spent in this place.
 E = Turns spent auto-exploring this place as a percentage of non-inter-level travel turns spent in this place.
 F = Non-inter-level travel turns spent in this place divided by the number of levels of this place that you've seen.
                   A       B       C       D       E      F
               +-------+-------+-------+-------+-------+----------------------
         Total | 100.0 | 100.0 |   0.0 |  36.6 |  42.4 | 191.0
       Dungeon | 100.0 | 100.0 |   0.0 |  36.6 |  42.4 | 191.0
               +-------+-------+-------+-------+-------+----------------------

Table legend:
 A = Kills in this place as a percentage of kills in entire the game.
 B = Kills by you in this place as a percentage of kills by you in the entire game.
 C = Kills by friends in this place as a percentage of kills by friends in the entire game.
 D = Other kills in this place as a percentage of other kills in the entire game.
 E = Experience gained in this place as a percentage of experience gained in the entire game.
 F = Experience gained in this place divided by the number of levels of this place that you have seen.
                   A       B       C       D       E      F
               +-------+-------+-------+-------+-------+----------------------
         Total | 100.0 | 100.0 |   N/A |   N/A | 100.0 |   6.0
       Dungeon | 100.0 | 100.0 |   N/A |   N/A | 100.0 |   6.0
               +-------+-------+-------+-------+-------+----------------------
